 Dungeon Crawl Stone Soup version 0.27-a0-1331-g60ef6b6952 (webtiles) character file.

Game seed: 12821020814469070159

47 Nattfarinn the Grave Robber (level 3, -4/29 HPs)
             Began as a Ghoul Necromancer on June 25, 2021.
             Slain by a kobold brigand (5 damage)
             ... on level 3 of the Dungeon.
             The game lasted 00:08:01 (3673 turns).

Nattfarinn the Grave Robber (Ghoul Necromancer)     Turns: 3673, Time: 00:08:02

Health: -4/29      AC:  2    Str: 11    XL:     3   Next: 70%
Magic:  0/4        EV: 12    Int: 11    God:
Gold:   59         SH:  0    Dex:  9    Spells: 0/5 levels left

rFire    + . .     SeeInvis .   e - staff of fire
rCold    + . .     Faith    .   (no shield)
rNeg     + + +     Spirit   .   a - +0 robe
rPois    ∞         Reflect  .   (no helmet)
rElec    .         Harm     .   b - scarf {+Inv}
rCorr    .         Rampage  .   (no gloves)
Will     .....                  (no boots)
Stlth    ++........             (no amulet)
HPRegen  0.00/turn              (no ring)
MPRegen  0.09/turn              (no ring)

@: no status effects
A: claws 1, cold resistance 1, negative energy resistance 3, inhibited
regeneration, torment resistance 2
a: Evoke Invisibility


You were on level 3 of the Dungeon.
You visited 1 branch of the dungeon, and saw 3 of its levels.

You collected 59 gold pieces.

Inventory:

Armour
 a - a +0 robe (worn)
 b - a scarf of invisibility (worn)
Magical Staves
 e - a staff of fire (weapon)
Scrolls
 c - a scroll of noise {unknown}
 d - a scroll of teleportation {unknown}
 f - 2 scrolls of identify {unknown}
 g - a scroll of summoning {unknown}


   Skills:
 + Level 1.8 Fighting
 - Level 1.7 Dodging
 - Level 2.1 Stealth
 - Level 1.7 Spellcasting
 * Level 4.9 Necromancy


You couldn't memorise any spells.
You knew the following spells:

 Your Spells              Type           Power      Damage    Failure   Level
a - Pain                  Necr           44%        1d6       4%          1
b - Foxfire               Conj/Fire      4%         2x1d4     30%         1
c - Vampiric Draining     Necr           5%         2d6       12%         3

Your spell library contained the following spells:

 Spells                   Type           Power      Damage    Failure   Level
 Animate Skeleton         Necr           22%        N/A       4%          1
 Animate Dead             Necr           5%         N/A       36%         4
 Conjure Flame            Conj/Fire      1%         6-21      65%         3
 Inner Flame              Hex/Fire       1%         N/A       65%         3
 Agony                    Necr           11%        N/A       73%         5
 Sticky Flame             Conj/Fire      1%         2d3       96%         4
 Fireball                 Conj/Fire      0%         3d3       100%        5


Dungeon Overview and Level Annotations

Branches:
Dungeon (3/15)

Altars:
Hepliaklqana


Innate Abilities, Weirdness & Mutations

You thrive by killing the living.
You are immune to poison.
You have sharp fingernails.
Your flesh is cold resistant. (rC+)
You are immune to negative energy. (rN+++)
You do not regenerate when monsters are visible.
You are immune to unholy pain and torment.


Message History

Aiming: Vampiric Draining (quite dangerous; 12% risk of failure)
Press: ? - help, Shift-Dir - straight line, f - rat, p - kobold brigand
Aim: a rat You draw life force from the rat.
You kill the rat!
You feel better.
You feel life coursing into your body.
The kobold brigand throws a poisoned dart.
The poisoned dart hits you!
The kobold brigand throws a poisoned dart.
The poisoned dart hits you!
You enter the shallow water.
Moving in this stuff is going to be slow.
The kobold brigand throws a poisoned dart.
The poisoned dart hits you!
There are no items here.
You are too injured to fight recklessly!
Casting: Vampiric Draining (quite dangerous; 12% risk of failure)
Confirm with . or Enter, or press ? or * to list all spells.
Aiming: Pain (safe; 4% risk of failure)
Press: ? - help, Shift-Dir - straight line, f - kobold brigand
Aim: a kobold brigand, wielding a +0 club and quivering poisoned darts (chance to affect: 66%)
The kobold brigand writhes in agony.
The kobold brigand throws a poisoned dart.
The poisoned dart barely misses you.
The kobold brigand throws a poisoned dart.
The poisoned dart misses you.
The kobold brigand throws a poisoned dart.
The poisoned dart barely misses you.
Casting: Pain (safe; 4% risk of failure)
Confirm with . or Enter, or press ? or * to list all spells.
The spell is quite dangerous to cast (12% risk of failure)!
Continue anyway?
Aiming: Vampiric Draining (quite dangerous; 12% risk of failure)
Press: ? - help, Shift-Dir - straight line, f/p - kobold brigand
Aim: a kobold brigand, wielding a +0 club and quivering poisoned darts (lightly wounded)
You draw life force from the kobold brigand.
You feel life coursing into your body.
The kobold brigand hits you with a +0 club!
* * * LOW HITPOINT WARNING * * *
The kobold brigand hits you with a +0 club.
You die...

##### #...# ..K ### ####≈###
#######
≈≈≈≈≈≈≈###############.....#
.≈≈≈≈≈≈≈≈.K....K@..........#
†#≈≈≈≈≈############........#
<####.## ###.K....########
÷# #.# #...###### .#
#.######.### .####K#....K>#
.#......###### ##.##.###
...##.#


You could see a kobold brigand and a kobold.

Vanquished Creatures
  A worm (D:2)
  An orc (D:2)
  A ball python (D:1)
  3 bats
  6 endoplasms
  4 goblins
  5 hobgoblins
  4 jackals (D:3)
  4 kobolds
  3 frilled lizards
  5 rats
37 creatures vanquished.

Notes
Turn   | Place    | Note
-------+----------+-------------------------------------------
     0 | D:1      | Nattfarinn the Ghoul Necromancer began the quest for the
                  | Orb.
     0 | D:1      | Reached XP level 1. HP: 14/14 MP: 2/2
    86 | D:1      | Found a faded altar of an unknown god.
   248 | D:1      | Reached XP level 2. HP: 16/22 MP: 0/3
   433 | D:1      | Reached skill level 1 in Fighting
  1255 | D:2      | Found a hazy altar of Hepliaklqana.
  1816 | D:2      | Reached XP level 3. HP: 26/28 MP: 0/4
  1895 | D:2      | Learned a level 1 spell: Foxfire
  2168 | D:1      | Learned a level 3 spell: Vampiric Draining
  3154 | D:3      | Noticed a kobold brigand
  3608 | D:3      | HP: 1/29 [rat (1)]
  3671 | D:3      | HP: 1/29 [kobold brigand (7)]
  3673 | D:3      | Slain by a kobold brigand

Illustrated notes

Levels and vault maps discovered:
D:1:      lightli_arrival_statuegarden, layout_loops_cross,
          chequers_ecumenical_altar_grove
D:2:      layout_basic, basic_altar
D:3:      cheibrodos_thug_alley, layout_rooms, lemuel_crystal_altar

Skill      XL: |  1  2 |
---------------+-------+-----
Fighting       | 1 |  1.8
Dodging        | |  1.7
Stealth        | |  2.1
Spellcasting   | |  1.7
Necromancy     | |  4.9

Action                   || total
-------------------------++-------
Melee: Unarmed           ||    24
       Staff             ||    53
 Cast: Pain              ||    74
       Vampiric Draining ||     8
  Use: Potion            ||     1
Armor: Robe              ||    20
Dodge: Dodged            ||    70

Table legend: (Time is in decaauts)
 A = Elapsed time spent in this place.
 B = Non-inter-level travel time spent in this place.
 C = Inter-level travel time spent in this place.
 D = Time resting spent in this place.
 E = Time spent auto-exploring this place.
 F = Levels seen in this place.
 G = Mean time per level.
                   A        B        C        D        E       F      G
               +--------+--------+--------+--------+--------+-----+--------+
         Total |   3691 |   3554 |    137 |    917 |   1857 |   3 | 1230.3 |
       Dungeon |   3691 |   3554 |    137 |    917 |   1857 |   3 | 1230.3 |
               +--------+--------+--------+--------+--------+-----+--------+

Top non-repeatable levels by time:
     D:2: 1869 daAuts
     D:1: 1448 daAuts
     D:3: 373 daAuts
